Map: Base du roi Sejong EC

Players

zidar - Winner!

  • Race: Zerg Zerg
  • League: Platinum
  • Spawn Location: 5:00

Zavtraman

  • Race: Protoss Protoss
  • League: Platinum
  • Spawn Location: 11:00

VOD

Have the link to the VOD?

Description

Time

  • Played on: Oct. 10, 2016, 11:32 a.m.
  • Length: 6:52
Show
View Real Time Build Order
Export as new Build Order

zidar Zerg - Winner!

Build Orders: Pool First 

Get SALT Encoding   

  12  0:01  Drone  
  13  0:12  Overlord  
  13  0:17  Drone  
  14  0:30  Drone x2  
  16  0:43  Spawning Pool  
  16  0:45  Drone  
  16  1:12  Hatchery  
  16  1:13  Drone  
  16  1:18  Drone  
  16  1:19  Extractor  
  16  1:32  Queen  
  18  1:38  Drone  
  19  1:43  Overlord  
  19  1:50  Drone  
  20  2:08  Queen  
  22  2:16  Zergling x6  
  22  2:22  Metabolic Boost  
  25  2:25  Zergling x2  
  26  2:31  Zergling x2  
  27  2:39  Zergling x2  
  27  2:40  Zergling x2  
  27  2:42  Zergling x2  
  30  2:48  Zergling x2  
  30  2:49  Zergling x2  
  32  3:03  Zergling x6  
  32  3:04  Zergling x2  
  36  3:21  Overlord x2  
  36  3:43  Zergling x14  
  42  3:59  Zergling x4  
  34  4:33  Zergling x12  
  30  5:00  Roach Warren  
  27  5:19  Zergling x12  
  33  5:25  Drone x3  
  33  6:16  Roach x8  
  33  6:17  Zergling x4  
  43  6:18  Zergling x2  
  43  6:23  Spine Crawler x2  
  41  6:26  Spine Crawler  
Show
View Real Time Build Order
Export as new Build Order

Zavtraman Protoss 

Build Orders:  

Get SALT Encoding   

  12  0:01  Probe (Chrono Boost)  
  13  0:13  Pylon  
  13  0:17  Probe (Chrono Boost)  
  14  0:31  Gateway  
  14  0:34  Probe (Chrono Boost)  
  15  0:41  Assimilator  
  15  0:44  Probe (Chrono Boost)  
  16  0:55  Probe (Chrono Boost)  
  17  1:05  Probe (Chrono Boost)  
  18  1:16  Probe (Chrono Boost)  
  18  1:18  Assimilator  
  19  1:20  Cybernetics Core  
  19  1:26  Probe (Chrono Boost)  
  19  1:31  Gateway  
  20  1:59  Gateway  
  20  2:00  Warp Gate (Chrono Boost)  
  20  2:09  Gateway  
  20  2:13  Stalker  
  22  2:23  Probe  
  22  2:28  Pylon  
  23  2:46  Zealot, Stalker  
  23  2:47  Mothership Core  
  29  2:54  Zealot  
  31  3:03  Pylon  
  31  3:33  Pylon  
  31  3:54  Zealot x4  
  31  4:18  Zealot x3  
  31  4:41  Zealot  
  31  4:42  Zealot  
  12  5:15  Zealot x3  
  12  5:16  Zealot  
  12  5:19  Probe  
  21  5:31  Probe  
  22  5:35  Zealot  
  22  5:36  Zealot x3  
  24  6:21  Zealot  
Tags
 
Add a new tag
Caveats
  • Supply blocks, unpowered buildings, or Contaminate may cause inaccurate times.
  • Supply counts are checked every 10 seconds.